 Dungeon Crawl Stone Soup version 0.26-a0-639-g72c4674329 (webtiles) character file.

Game seed: 17705878260543353639

393451 Gargoyl the Alchemist (level 23, -38/183 HPs)
             Began as a Gnoll Abyssal Knight on Sept 15, 2020.
             Was an Elder of Lugonu.
             Annihilated by an ettin
             ... wielding a +0 dire flail
              (44 damage)
             ... on level 5 of the Vaults on Sept 16, 2020.
             The game lasted 01:29:26 (67485 turns).

Gargoyl the Alchemist (Gnoll Abyssal Knight)       Turns: 67485, Time: 01:29:27

Health: -38/183    AC: 22    Str: 23    XL:     23   Next: 15%
Magic:  41/41      EV: 17    Int: 17    God:    Lugonu [****..]
Gold:   10269      SH: 23    Dex: 16    Spells: 51/51 levels left

rFire    . . .     SeeInvis .   d - +8 war axe (drain)
rCold    + . .     Faith    .   a - +4 kite shield {rC+}
rNeg     . . .     Spirit   .   p - +2 chain mail {rPois}
rPois    +         Reflect  +   G - +2 hat {MR+}
rElec    .         Harm     .   s - +2 cloak {MR+}
rCorr    .         Rampage  .   e - +0 pair of gloves
MR       ++++.                  k - +2 pair of boots
Stlth    ++........             J - amulet of reflection
HPRegen  0.40/turn              r - ring of poison resistance
MPRegen  0.27/turn              K - ring of protection from magic

@: studying 2 skills, drained
A: distributed training, fangs 1, agile 1, deformed body, shaggy fur 1, strong
nose
}: 2/15 runes: serpentine, barnacled
a: Depart the Abyss, Bend Space, Banish, Corrupt, Renounce Religion


You were on level 5 of the Vaults.
You worshipped Lugonu.
Lugonu was greatly pleased with you.
You visited 6 branches of the dungeon, and saw 36 of its levels.
You visited the Abyss 5 times.
You also visited: Ice Cave.

You collected 11148 gold pieces.
You spent 879 gold pieces at shops.

Inventory:

Hand Weapons
 d - a +8 war axe of draining (weapon)
 m - a +5 hand axe
 u - a +2 vorpal war axe
 P - a +0 broad axe
 W - a +4 long sword of electrocution
Missiles
 N - 41 boomerangs
 T - 20 silver javelins (quivered)
Armour
 a - a +4 kite shield of cold resistance (worn)
 e - a +0 pair of gloves (worn)
 k - a +2 pair of boots (worn)
 p - a +2 chain mail of poison resistance (worn)
 s - a +2 cloak of magic resistance (worn)
 G - a +2 hat of magic resistance (worn)
 Y - the +3 chain mail of Owytowah {rN+ Dex+2}
   (You bought it in a shop on level 2 of the Orcish Mines)

   It affects your dexterity (+2).
   It protects you from negative energy.
Jewellery
 h - an uncursed ring of positive energy
 n - an uncursed ring of protection from fire
 r - a ring of poison resistance (left hand)
 B - a +6 ring of intelligence
 E - an uncursed ring of resist corrosion
 J - an amulet of reflection (around neck)
 K - a ring of protection from magic (right hand)
 X - the ring "Vaarick" {rC+ Str+3}
   (You found it on level 15 of the Dungeon)

   [ring of protection from cold]

   It affects your strength (+3).
   It protects you from cold.
Wands
 j - a wand of digging (13)
 o - a wand of random effects (44)
 v - a wand of polymorph (9)
 x - a wand of paralysis (20)
 y - a wand of flame (45)
 z - a wand of enslavement (5)
 I - a wand of acid (14)
Scrolls
 c - 11 scrolls of identify
 l - 2 scrolls of magic mapping
 t - 22 scrolls of remove curse
 L - 2 scrolls of fog
 M - 7 scrolls of fear
Potions
 f - 4 potions of flight
 g - 2 potions of cancellation
 q - 4 potions of stabbing
 A - 2 potions of brilliance
 F - 5 potions of haste
 Q - a potion of resistance
 S - a potion of mutation
 U - 2 potions of magic
 Z - a potion of ambrosia
Books
 C - a manual of Throwing
 D - a manual of Transmutations


   Skills:
 + Level 15.7(14.4) Fighting
 + Level 14.6(13.4) Short Blades
 + Level 14.6(13.4) Long Blades
 + Level 15.2(13.9) Axes
 + Level 14.6(13.4) Maces & Flails
 + Level 14.6(13.4) Polearms
 + Level 14.6(13.4) Staves
 + Level 14.6(13.4) Slings
 + Level 14.6(13.4) Bows
 + Level 14.6(13.4) Crossbows
 + Level 15.4(14.1) Throwing
 + Level 15.2(13.9) Armour
 + Level 14.8(13.6) Dodging
 + Level 14.6(13.4) Stealth
 + Level 14.6(13.4) Shields
 + Level 14.6(13.4) Unarmed Combat
 + Level 14.6(13.4) Spellcasting
 + Level 12.6(11.4) Conjurations
 + Level 12.6(11.4) Hexes
 + Level 12.6(11.4) Summonings
 + Level 12.6(11.4) Necromancy
 + Level 12.6(11.4) Translocations
 + Level 16.5(15.2) Transmutations
 + Level 12.6(11.4) Fire Magic
 + Level 12.6(11.4) Ice Magic
 + Level 12.6(11.4) Air Magic
 + Level 12.6(11.4) Earth Magic
 + Level 12.6(11.4) Poison Magic
 + Level 16.2(15.0) Invocations
 + Level 14.6(13.4) Evocations


You had 51 spell levels left.
You didn't know any spells.
Your spell library contained the following spells:

 Spells                   Type           Power        Failure   Level
 Animate Skeleton         Necr           ######       1%          1
 Apportation              Tloc           ######       1%          1
 Corona                   Hex            ######.      1%          1
 Foxfire                  Conj/Fire      ####         1%          1
 Magic Dart               Conj           ####         1%          1
 Pain                     Necr           ####         1%          1
 Summon Small Mammal      Summ           ####         1%          1
 Blink                    Tloc           N/A          1%          2
 Call Imp                 Summ           ######..     1%          2
 Slow                     Hex            ######..     1%          2
 Conjure Flame            Conj/Fire      ######..     1%          3
 Ignite Poison            Fire/Tmut/Pois ######..     1%          3
 Inner Flame              Hex/Fire       ######..     1%          3
 Lesser Beckoning         Tloc           ######....   1%          3
 Mephitic Cloud           Conj/Pois/Air  ######..     1%          3
 Tukima's Dance           Hex            ######..     1%          3
 Vampiric Draining        Necr           ######....   1%          3
 Animate Dead             Necr           ######....   3%          4
 Cause Fear               Hex            ######....   3%          4
 Leda's Liquefaction      Hex/Erth       ######....   3%          4
 Sticky Flame             Conj/Fire      ######..     3%          4
 Alistair's Intoxication  Tmut/Pois      ######...    4%          5
 Yara's Violent Unravell  Hex/Tmut       ######....   4%          5
 Agony                    Necr           ######..     9%          5
 Bolt of Magma            Conj/Fire/Erth ######....   9%          5
 Fireball                 Conj/Fire      ######....   9%          5
 Silence                  Hex/Air        ######....   9%          5
 Statue Form              Tmut/Erth      ######...    22%         6
 Invisibility             Hex            ######..     43%         6
 Iron Shot                Conj/Erth      ######....   43%         6
 Starburst                Conj/Fire      ######....   43%         6
 Discord                  Hex            ######....   100%        8
 Ignition                 Fire           ######....   100%        8
 Shatter                  Erth           ######....   100%        9


Dungeon Overview and Level Annotations

Branches:
Dungeon (15/15)            Temple (0/1) D:5            Lair (6/6) D:10
 Shoals (4/4) Lair:2        Snake (4/4) Lair:2        Slime (0/5) Lair:6
    Orc (2/2) D:11            Elf (0/3) Orc:2        Vaults (5/5) D:14
  Crypt (0/3) Vaults:3     Depths (0/5) D:15          IceCv (visited)

Altars:
Ashenzari
Elyvilon
Hepliaklqana
Qazlal
Jiyva

Shops:
D:6 =   D:11 [   Orc:1 *   Orc:2 (:[[:*   Shoals:3 *   Snake:2 }(*}}=}
Vaults:1 }

Portals:
Bazaar: Orc:2

Annotations:
Vaults:5 corrupted, Sojobo
Abyss:1 Asterion


Innate Abilities, Weirdness & Mutations

Your experience applies equally to all skills.
You have very sharp teeth.
Your uncanny sense of smell can sniff out nearby items.
You are agile. (Dex +2)
Armour fits poorly on your strangely shaped body.
You are covered in fur. (AC +1)


Message History

* * * LOW HITPOINT WARNING * * *
You see here a bolt.
Unknown command.
The vault guard shouts! x2
The yaktaur captain shoots a bolt.
The bolt hits you!!
* * * LOW HITPOINT WARNING * * *
You see here a bolt.
Unknown command.
You block the ettin's attack. x2
A titan comes into view.
The wolf spider hisses angrily.
There is a stone staircase leading up here.
You see here a bolt.
Unknown command.
The teleport trap disappears.
The vault guard disappears!
The yaktaur captain drinks a potion.
The yaktaur captain suddenly seems more resistant.
You block the wolf spider's attack. The wolf spider barely misses you.
The ettin hits you with a +0 dire flail!!!
You die...

........#....#
...C..#....#.#
#....#....(.##
#........#...
####..#..(..#####
..Q....#...[.#..#...
.........cp<#.......
........lsCc<..#....
..........@<.....#..
#####
######....(.....####
||)(# ..§....(.#.....
#. .[D?#
####.....#....... #..
#..##
∆∆#..#....#.....Z#...
[.## ∆
∆∆∆#..#....p.....#.c..
.## ∆∆ #.
#.#..#....#..#.. ## ..
#....#...#....e. ..
#.....#.#.......


You could see a titan, 2 yaktaur captains, 2 vault guards, an ettin, a wolf
spider and a basilisk.

Vanquished Creatures
  Jory (Vaults:3)
  Jorgrun (D:15)
  2 tentacled monstrosities (Vaults:5)
  The ghost of DarkMoon the Cloud Mage, an adept TeAE of Vehumet (Shoals:2)
  2 quicksilver dragons (Vaults:5)
  A lich (Vaults:3)
  2 krakens
  Gastronok (D:9)
  Frances (Snake:2)
  A sphinx (Vaults:5)
  A tentacled starspawn (Abyss:1)
  A tengu reaver (Vaults:4)
  Roxanne (Snake:1)
  A shadow dragon (Vaults:5)
  14 nagarajas
  Aizul (Snake:3)
  10 vault wardens
  2 fire giants
  2 frost giants
  A juggernaut zombie (D:15)
  10 ironheart preservers
  4 stone giants
  The ghost of Lic Omurr the Unseen, a journeyman SpEn of Vehumet (D:15)
  An entropy weaver (Vaults:1)
  3 ettins (Vaults:5)
  A merfolk javelineer (Shoals:4)
  A deep elf death mage (Vaults:4)
  2 crystal guardians
  7 yaktaur captains
  6 merfolk impalers
  Josephine (D:10)
  11 ogre magi
  4 rakshasas
  3 great orbs of eyes
  A deep elf high priest (Vaults:5)
  14 vault guards
  2 ice dragons (Vaults:3)
  22 naga warriors
  3 merfolk aquamancers
  4 catoblepae
  4 centaur warriors
  A merfolk avatar (Shoals:1)
  2 alligator snapping turtles
  15 anacondas
  2 death knights
  A spectral stone giant (D:15)
  38 two-headed ogres
  A two-headed ogre (shapeshifter) (Vaults:5)
  A tengu warrior (D:15)
  A queen ant (shapeshifter) (Vaults:5)
  19 death yaks
  4 shock serpents
  6 satyrs
  2 deep troll earth magi
  4 deep troll shamans
  A thrashing horror (Abyss:1)
  Nergalle (Lair:1)
  24 naga sharpshooters
  A deep elf knight (Vaults:2)
  A spectral yaktaur (D:15)
  17 slime creatures
  An iron troll (Orc:2)
  A skeletal warrior (Vaults:3)
  2 salamander mystics (Snake:1)
  21 sea snakes
  16 ironbrand convokers
  An unseen horror (D:14)
  10 deep trolls
  16 naga ritualists
  7 orc knights
  18 harpies
  A phantasmal warrior (Vaults:3)
  11 mana vipers
  3 wolf spiders (Vaults:1)
  24 fauns
  9 cyclopes
  13 deep elf magi
  3 orc sorcerers
  A spectral spriggan (D:15)
  28 ugly things
  16 manticores
  10 salamanders
  An elephant (shapeshifter) (Vaults:1)
  A salamander (shapeshifter) (Vaults:3)
  17 naga magi
  13 merfolk sirens
  15 vault sentinels
  48 black mambas
  An ice statue (IceCv)
  8 elephants
  A guardian serpent (shapeshifter) (Vaults:1)
  Maurice (D:9)
  6 water nymphs
  8 guardian serpents
  A torpor snail (Lair:5)
  A gargoyle (D:15)
  Maggie (D:6)
  13 cane toads
  The ghost of anet the Grave Robber, a novice GnNe of Ashenzari (D:4)
  2 rime drakes
  5 freezing wraiths
  An ancient zyme (Abyss:2)
  7 komodo dragons
  24 yaktaurs
  A tengu conjurer (D:15)
  2 jumping spiders (Vaults:1)
  30 merfolk
  13 trolls
  A hornet (D:11)
  11 wind drakes
  Prince Ribbit (D:6)
  14 polar bears (IceCv)
  4 blink frogs (Lair:3)
  A human simulacrum (Vaults:3)
  8 dream sheep
  11 snapping turtles
  3 large abominations
  A stone giant simulacrum (Vaults:1)
  12 hippogriffs
  An ettin zombie (D:15)
  A fire giant simulacrum (D:15)
  A meliai zombie (D:15)
  Sigmund (D:2)
  2 shadows
  2 redbacks
  67 yaks
  4 wyverns
  6 wraiths
  A vampire (D:14)
  A human (shapeshifter) (Vaults:1)
  14 water elementals
  A golden eye (shapeshifter) (Vaults:2)
  2 basilisks
  A neqoxec (Abyss:1)
  83 nagas
  5 vampire mosquitoes
  A soldier ant (D:15)
  3 wargs
  3 acid dragons
  20 water moccasins
  Duvessa (D:5)
  16 orc warriors
  A swamp drake (shapeshifter) (D:15)
  12 porcupines
  3 black bears
  6 sky beasts
  13 ice beasts
  3 phantoms
  An eye of draining (D:13)
  A hornet zombie (D:6)
  An ettin simulacrum (D:15)
  4 boggarts (Vaults:1)
  25 wolves
  19 centaurs
  35 ogres
  12 crocodiles
  4 big kobolds
  2 small abominations
  18 bullfrogs
  Dowan (Abyss:1)
  A wyvern skeleton (D:14)
  5 scorpions
  33 wights
  13 killer bees
  An electric eel (Lair:1)
  2 bullfrog zombies
  A quasit (D:6)
  11 hounds
  An iron imp (Abyss:1)
  Crazy Yiuf (D:3)
  3 centaur zombies
  10 orc priests
  8 jellies
  A water moccasin simulacrum (D:4)
  Jessica (D:3)
  3 centaur skeletons
  Ijyb (D:3)
  Terence (D:2)
  Natasha (twice) (D:2)
  An iguana (D:13)
  16 orc wizards
  14 worker ants
  2 bullfrog simulacra (D:4)
  A hound zombie (D:7)
  2 hound skeletons
  8 gnolls
  A howler monkey skeleton (D:5)
  18 adders
  A shadow imp (D:9)
  2 white imps
  An ufetubus (D:9)
  4 oozes
  An adder zombie (D:7)
  A worm (D:5)
  3 dart slugs
  6 leopard geckos
  99 orcs
  7 giant cockroaches
  8 goblins
  8 hobgoblins
  9 jackals
  6 quokkas
  A ball python skeleton (D:4)
  8 bats
  4 frilled lizards
  A jackal skeleton (D:4)
  20 kobolds
  A quokka skeleton (D:4)
  10 rats
  A tentacle (Shoals:3)
1557 creatures vanquished.

Vanquished Creatures (others)
  A lich (Vaults:5)
  A nagaraja (Snake:4)
  A naga warrior (Snake:4)
  A merfolk aquamancer (Shoals:3)
  A deep troll earth mage (Vaults:5)
  A naga ritualist (Snake:1)
  2 naga magi (Snake:3)
  A yaktaur (Vaults:5)
  2 polar bears (IceCv)
  A naga (Snake:4)
  An orc warrior (Orc:2)
  A small abomination (Abyss:1)
  21 fungi
  A lurking horror (Abyss:2)
  82 plants
  4 starspawn tentacles (Abyss:1)
  8 tentacles
  2 withered plants (Shoals:2)
132 creatures vanquished.

Grand Total: 1689 creatures vanquished

Notes
Turn   | Place    | Note
-------+----------+-------------------------------------------
     0 | Abyss:1  | Gargoyl the Gnoll Abyssal Knight began the quest for the
                  | Orb.
     0 | Abyss:1  | Reached XP level 1. HP: 23/23 MP: 3/3
     3 | Abyss:1  | Found a corrupted altar of Lugonu.
   137 | Abyss:2  | Noticed a quasit
   170 | D:1      | Escaped the Abyss
   531 | D:1      | Reached * piety under Lugonu
   559 | D:1      | Reached XP level 2. HP: 29/29 MP: 5/5
   812 | D:1      | Reached XP level 3. HP: 34/35 MP: 6/6
   973 | D:2      | Noticed Sigmund
   997 | D:2      | Killed Sigmund
   997 | D:2      | Reached skill level 1 in Short Blades
   997 | D:2      | Reached skill level 1 in Long Blades
   997 | D:2      | Reached skill level 1 in Maces & Flails
   997 | D:2      | Reached skill level 1 in Polearms
   997 | D:2      | Reached skill level 1 in Staves
   997 | D:2      | Reached skill level 1 in Slings
   997 | D:2      | Reached skill level 1 in Bows
   997 | D:2      | Reached skill level 1 in Crossbows
   997 | D:2      | Reached skill level 1 in Throwing
   997 | D:2      | Reached skill level 1 in Stealth
   997 | D:2      | Reached skill level 1 in Shields
   997 | D:2      | Reached skill level 1 in Unarmed Combat
   997 | D:2      | Reached skill level 1 in Spellcasting
   997 | D:2      | Reached skill level 1 in Conjurations
   997 | D:2      | Reached skill level 1 in Hexes
   997 | D:2      | Reached skill level 1 in Summonings
   997 | D:2      | Reached skill level 1 in Necromancy
   997 | D:2      | Reached skill level 1 in Translocations
   997 | D:2      | Reached skill level 1 in Transmutations
   997 | D:2      | Reached skill level 1 in Fire Magic
   997 | D:2      | Reached skill level 1 in Ice Magic
   997 | D:2      | Reached skill level 1 in Air Magic
   997 | D:2      | Reached skill level 1 in Earth Magic
   997 | D:2      | Reached skill level 1 in Poison Magic
   997 | D:2      | Reached skill level 1 in Evocations
   997 | D:2      | Reached XP level 4. HP: 22/41 MP: 7/7
   997 | D:2      | Reached XP level 5. HP: 26/47 MP: 8/8
  1473 | D:2      | Reached skill level 5 in Invocations
  1525 | D:2      | Noticed Terence
  1528 | D:2      | Reached ** piety under Lugonu
  1548 | D:2      | Reached XP level 6. HP: 36/53 MP: 9/9
  1567 | D:2      | Killed Terence
  1756 | D:2      | Noticed Natasha
  1765 | D:2      | Killed Natasha
  1795 | D:2      | Noticed Natasha
  1801 | D:2      | Killed Natasha
  1801 | D:2      | Reached skill level 5 in Axes
  1801 | D:2      | Reached skill level 5 in Armour
  2004 | D:3      | Noticed Ijyb
  2024 | D:3      | Killed Ijyb
  2073 | D:3      | Noticed Jessica
  2098 | D:3      | Killed Jessica
  2253 | D:3      | You fall into a shaft and drop 2 floors!
  2253 | D:5      | Entered Level 5 of the Dungeon
  2267 | D:5      | Reached XP level 7. HP: 58/59 MP: 10/10
  2383 | D:5      | Found a staircase to the Ecumenical Temple.
  3086 | D:4      | Reached *** piety under Lugonu
  3086 | D:4      | Reached XP level 8. HP: 58/67 MP: 12/12
  3508 | D:4      | Found a runed translucent gate.
  3511 | D:4      | Found a runed translucent gate.
  3529 | D:4      | Found a shattered altar of Ashenzari.
  3573 | D:4      | Found a runed translucent gate.
  3594 | D:4      | Noticed anet's ghost (novice GnNe)
  3620 | D:4      | Killed anet's ghost
  4260 | D:3      | Found a runed translucent door.
  4261 | D:3      | Noticed Crazy Yiuf
  4270 | D:3      | Killed Crazy Yiuf
  4556 | D:5      | Reached **** piety under Lugonu
  4556 | D:5      | Reached XP level 9. HP: 58/72 MP: 14/14
  4841 | D:5      | Noticed Duvessa
  4842 | D:5      | Noticed Dowan
  4893 | D:5      | Killed Duvessa
  4900 | D:5      | Banished Dowan
  5738 | D:6      | Noticed Maggie
  5780 | D:6      | Killed Maggie
  5780 | D:6      | Reached skill level 5 in Dodging
  6460 | D:6      | Noticed Prince Ribbit
  6503 | D:6      | Killed Prince Ribbit
  6767 | D:6      | Found Muoklamp's Jewellery Emporium.
  6831 | D:6      | Found a hazy altar of Hepliaklqana.
  7194 | D:7      | Reached XP level 10. HP: 79/80 MP: 17/17
  7670 | D:7      | Reached skill level 5 in Short Blades
  7670 | D:7      | Reached skill level 5 in Long Blades
  7670 | D:7      | Reached skill level 5 in Maces & Flails
  7670 | D:7      | Reached skill level 5 in Polearms
  7670 | D:7      | Reached skill level 5 in Staves
  7670 | D:7      | Reached skill level 5 in Slings
  7670 | D:7      | Reached skill level 5 in Bows
  7670 | D:7      | Reached skill level 5 in Crossbows
  7670 | D:7      | Reached skill level 5 in Throwing
  7670 | D:7      | Reached skill level 5 in Stealth
  7670 | D:7      | Reached skill level 5 in Shields
  7670 | D:7      | Reached skill level 5 in Unarmed Combat
  7670 | D:7      | Reached skill level 5 in Spellcasting
  7670 | D:7      | Reached skill level 5 in Evocations
  8295 | D:8      | Found a stormy altar of Qazlal.
  8468 | D:8      | Reached ***** piety under Lugonu
  8819 | D:8      | Got a translucent marble ring
  9237 | D:9      | Identified the ring "Jockam" {rC+ Int+5} (You found it on
                  | level 8 of the Dungeon)
  9251 | D:9      | Noticed a two-headed ogre
  9263 | D:9      | Killed a two-headed ogre
  9268 | D:9      | Noticed Gastronok
  9288 | D:9      | Killed Gastronok
  9288 | D:9      | Reached skill level 5 in Transmutations
  9288 | D:9      | Reached XP level 11. HP: 54/89 MP: 18/20
  9484 | D:9      | Noticed a two-headed ogre
  9494 | D:9      | Killed a two-headed ogre
  9494 | D:9      | Reached skill level 5 in Conjurations
  9494 | D:9      | Reached skill level 5 in Hexes
  9494 | D:9      | Reached skill level 5 in Summonings
  9494 | D:9      | Reached skill level 5 in Necromancy
  9494 | D:9      | Reached skill level 5 in Translocations
  9494 | D:9      | Reached skill level 5 in Fire Magic
  9494 | D:9      | Reached skill level 5 in Ice Magic
  9494 | D:9      | Reached skill level 5 in Air Magic
  9494 | D:9      | Reached skill level 5 in Earth Magic
  9494 | D:9      | Reached skill level 5 in Poison Magic
  9844 | D:9      | Noticed Maurice
  9868 | D:9      | Killed Maurice
 10371 | D:10     | Entered Level 10 of the Dungeon
 10897 | D:10     | Found a staircase to the Lair.
 11009 | D:10     | Found a flagged portal.
 11037 | D:10     | Got a clouded pewter ring
 11039 | D:10     | Identified the ring "Fuil" {rPois rC+ rN+ Slay-4} (You
                  | found it on level 10 of the Dungeon)
 11475 | D:10     | Noticed Josephine
 11490 | D:10     | Killed Josephine
 11652 | D:10     | Noticed a two-headed ogre
 11665 | D:10     | Killed a two-headed ogre
 11665 | D:10     | Reached XP level 12. HP: 25/96 MP: 22/22
 12034 | D:10     | Reached ****** piety under Lugonu
 12639 | D:11     | Noticed an eight-headed hydra
 12643 | D:11     | Banished an eight-headed hydra
 12796 | D:11     | Found Plog's Armour Shop.
 12813 | D:11     | Bought a +0 kite shield of cold resistance for 172 gold
                  | pieces
 13256 | D:11     | Found a staircase to the Orcish Mines.
 13403 | Lair:1   | Entered Level 1 of the Lair of Beasts
 13722 | Lair:1   | Reached skill level 10 in Fighting
 14516 | Lair:2   | Noticed Nergalle
 14535 | Lair:1   | Killed Nergalle
 14535 | Lair:1   | Reached XP level 13. HP: 50/103 MP: 24/24
 15111 | Lair:2   | Found a staircase to the Snake Pit.
 15150 | Lair:2   | Identified a scroll of acquirement
 15150 | Lair:2   | Acquired 2870 gold pieces
 15172 | Lair:2   | Reached skill level 10 in Invocations
 15178 | Lair:2   | Found a staircase to the Shoals.
 16573 | Lair:3   | HP: 5/104 [death yak (5)]
 18488 | Lair:5   | Reached XP level 14. HP: 107/111 MP: 26/26
 18678 | Lair:6   | Entered Level 6 of the Lair of Beasts
 18684 | Lair:6   | Reached skill level 10 in Axes
 18684 | Lair:6   | Reached skill level 10 in Armour
 18689 | Lair:6   | Gained mutation: You are agile. (Dex +2) [potion of
                  | mutation]
 18689 | Lair:6   | Gained mutation: You are covered in fur. (AC +1) [potion of
                  | mutation]
 19142 | Lair:6   | Found a runed translucent door.
 19142 | Lair:6   | Found a viscous altar of Jiyva.
 19143 | Lair:6   | Found a staircase to the Slime Pits.
 19458 | Lair:6   | Found a white marble altar of Elyvilon.
 20368 | Lair:5   | Reached skill level 10 in Transmutations
 21132 | Lair:6   | Acquired 670 gold pieces
 22367 | D:13     | Found a frozen archway.
 22405 | IceCv    | Entered an ice cave
 22519 | IceCv    | Reached skill level 10 in Dodging
 22801 | IceCv    | Reached XP level 15. HP: 119/119 MP: 28/28
 23275 | IceCv    | Noticed a frost giant
 23294 | IceCv    | Killed a frost giant
 24175 | D:14     | Reached skill level 10 in Short Blades
 24175 | D:14     | Reached skill level 10 in Long Blades
 24175 | D:14     | Reached skill level 10 in Maces & Flails
 24175 | D:14     | Reached skill level 10 in Polearms
 24175 | D:14     | Reached skill level 10 in Staves
 24175 | D:14     | Reached skill level 10 in Slings
 24175 | D:14     | Reached skill level 10 in Bows
 24175 | D:14     | Reached skill level 10 in Crossbows
 24175 | D:14     | Reached skill level 10 in Throwing
 24175 | D:14     | Reached skill level 10 in Stealth
 24175 | D:14     | Reached skill level 10 in Shields
 24175 | D:14     | Reached skill level 10 in Unarmed Combat
 24175 | D:14     | Reached skill level 10 in Spellcasting
 24175 | D:14     | Reached skill level 10 in Evocations
 25250 | D:14     | Found a gate to the Vaults.
 25342 | D:15     | Entered Level 15 of the Dungeon
 25469 | D:15     | Noticed a fire giant
 25470 | D:15     | Found a staircase to the Depths.
 26276 | D:15     | Banished a fire giant
 26505 | D:15     | Noticed Jorgrun
 26521 | D:15     | Killed Jorgrun
 26734 | D:15     | Found a runed translucent gate.
 26734 | D:15     | Found a runed translucent gate.
 26734 | D:15     | Found a runed translucent gate.
 26739 | D:15     | Noticed Lic Omurr's ghost (journeyman SpEn)
 27472 | D:15     | Got a flickering bronze ring
 27697 | D:15     | Killed Lic Omurr's ghost
 27697 | D:15     | Reached XP level 16. HP: 54/127 MP: 30/30
 28319 | Orc:1    | Entered Level 1 of the Orcish Mines
 28529 | Orc:2    | Entered Level 2 of the Orcish Mines
 28530 | Orc:2    | Found Guanunkul's Antique Weapon Shoppe.
 29124 | Orc:1    | Found Xony Any's Mass Market.
 29948 | Orc:2    | Found a gateway to a bazaar.
 30016 | Orc:2    | Found Vote's Assorted Antiques.
 30024 | Orc:2    | Bought a scroll of enchant weapon for 210 gold pieces
 30144 | Orc:2    | Found Noxzeise's Book Boutique.
 30182 | Orc:2    | Found Cyexoeta's Armour Shoppe.
 30182 | Orc:2    | Found Lupleh's Antique Armour Emporium.
 30183 | Orc:2    | Found Vanu's Book Emporium.
 30230 | Orc:2    | Bought a heavily runed chain mail for 294 gold pieces
 30231 | Orc:2    | Identified the +3 chain mail of Owytowah {rN+ Dex+2} (You
                  | bought it in a shop on level 2 of the Orcish Mines)
 30362 | Orc:2    | Found a staircase to the Elven Halls.
 30646 | Snake:1  | Entered Level 1 of the Snake Pit
 31254 | Snake:1  | Identified Roxanne's Catalogue of Shape Shifting
 31254 | Snake:1  | Noticed Roxanne
 31290 | Snake:1  | Killed Roxanne
 32052 | Snake:2  | Noticed a nagaraja
 32071 | Snake:1  | Killed a nagaraja
 33061 | Snake:2  | Reached XP level 17. HP: 57/135 MP: 32/32
 33620 | Snake:2  | Found Uciekud's General Store.
 33628 | Snake:2  | Bought a +2 chain mail of poison resistance for 203 gold
                  | pieces
 33695 | Snake:2  | Found Pyigaibb's Antique Weapon Boutique.
 33697 | Snake:2  | Found Riphacle's Gadget Shoppe.
 33997 | Snake:2  | Noticed Frances
 34011 | Snake:2  | Killed Frances
 34193 | Snake:2  | Found Dostuzaf's Gadget Shoppe.
 34595 | Snake:2  | Found Dosu's Jewellery Shoppe.
 34596 | Snake:2  | Found Qiskeup's Gadget Boutique.
 34596 | Snake:2  | Found Muetz's Gadget Boutique.
 34607 | Snake:2  | Identified the ring "Vaarick" {rC+ Str+3} (You found it on
                  | level 15 of the Dungeon)
 36022 | Snake:3  | Reached skill level 10 in Conjurations
 36022 | Snake:3  | Reached skill level 10 in Hexes
 36022 | Snake:3  | Reached skill level 10 in Summonings
 36022 | Snake:3  | Reached skill level 10 in Necromancy
 36022 | Snake:3  | Reached skill level 10 in Translocations
 36022 | Snake:3  | Reached skill level 10 in Fire Magic
 36022 | Snake:3  | Reached skill level 10 in Ice Magic
 36022 | Snake:3  | Reached skill level 10 in Air Magic
 36022 | Snake:3  | Reached skill level 10 in Earth Magic
 36022 | Snake:3  | Reached skill level 10 in Poison Magic
 36289 | Snake:3  | Noticed Aizul
 36330 | Snake:3  | Killed Aizul
 37405 | Snake:4  | Entered Level 4 of the Snake Pit
 37712 | Snake:4  | Reached XP level 18. HP: 89/143 MP: 33/33
 40430 | Abyss:1  | HP: 7/144 [poisoned by a naga (splash of poison)]
 40534 | Snake:4  | Escaped the Abyss
 41353 | Snake:4  | Got a serpentine rune of Zot
 42899 | Snake:4  | Reached XP level 19. HP: 115/151 MP: 35/35
 43431 | Vaults:1 | Entered Level 1 of the Vaults
 43870 | Vaults:1 | Reached XP level 20. HP: 159/159 MP: 36/36
 44464 | Vaults:1 | Noticed Asterion
 44485 | Vaults:1 | Banished Asterion
 44523 | Vaults:1 | Escaped the Abyss
 44987 | Vaults:1 | Found Piugatet's Gadget Emporium.
 47866 | Vaults:2 | Reached XP level 21. HP: 166/166 MP: 38/38
 48035 | Vaults:2 | Reached skill level 15 in Transmutations
 48716 | Vaults:2 | Reached skill level 15 in Invocations
 49627 | Vaults:3 | Found a staircase to the Crypt.
 49849 | Vaults:3 | Noticed Jory
 49966 | Abyss:1  | Killed Dowan
 49974 | Abyss:1  | Gained mutation: Armour fits poorly on your strangely
                  | shaped body. [a neqoxec]
 50170 | Vaults:3 | Escaped the Abyss
 50646 | Vaults:3 | HP: 7/166 [Jory/vampiric draining (33)]
 51302 | Vaults:3 | Killed Jory
 52803 | Vaults:4 | Got a spiked chain mail
 52804 | Vaults:4 | Identified the cursed +1 chain mail "Iluppies" {rPois rC-
                  | rCorr Int-2} (You found it on level 4 of the Vaults)
 53244 | Vaults:4 | Acquired 3060 gold pieces
 54660 | Vaults:5 | Entered Level 5 of the Vaults
 54661 | Vaults:5 | Corrupted Vaults:5
 54680 | Vaults:4 | Reached skill level 15 in Fighting
 55064 | Shoals:1 | Entered Level 1 of the Shoals
 56156 | Shoals:1 | Found a runed translucent door.
 56173 | Shoals:1 | Reached XP level 22. HP: 157/175 MP: 39/39
 56853 | Shoals:2 | Found a runed translucent door.
 56854 | Shoals:2 | Noticed DarkMoon's ghost (adept TeAE)
 57926 | Shoals:2 | Killed DarkMoon's ghost
 60896 | Shoals:3 | Found Taidouc's Island Escapes.
 60999 | Shoals:4 | Entered Level 4 of the Shoals
 63566 | Shoals:4 | Reached skill level 15 in Axes
 63566 | Shoals:4 | Reached skill level 15 in Throwing
 63566 | Shoals:4 | Reached skill level 15 in Armour
 63860 | Shoals:4 | Got a barnacled rune of Zot
 64843 | Vaults:5 | Noticed Sojobo
 64844 | Vaults:5 | Found the +8 frozen axe "Frostbite" {freezing cloud, *Noise
                  | +Fly rC+}
 65307 | Vaults:5 | Escaped the Abyss
 65309 | Vaults:5 | Paralysed by a floating eye for 3 turns
 66080 | Vaults:5 | Reached XP level 23. HP: 55/182 MP: 41/41
 67483 | Vaults:5 | HP: 6/183 [yaktaur captain/bolt (20)]
 67485 | Vaults:5 | Annihilated by an ettin

Illustrated notes

Levels and vault maps discovered:
D:1:      saegor_arrival_miasma, layout_basic, chequers_serial_rivers_small_3
D:2:      layout_loops_cross, uniq_terence, uniq_natasha, uniq_sigmund
D:3:      layout_loops_ring, uniq_ijyb, uniq_jessica, uniq_crazy_yiuf_cottage
D:4:      layout_rooms, gammafunk_ghost_icy, kennysheep_flooded_box
D:5:      layout_basic, minmay_temple_entry_hall, kennysheep_generic_room_8,
          uniq_duvessa
D:6:      layout_basic, basic_altar, serial_shops, nicolae_shop_crystal,
          minmay_misc_feat_roman, uniq_maggie, uniq_prince_ribbit1
D:7:      layout_loops_corners
D:8:      layout_gridville, kennysheep_mini_moat, minmay_manual_monstrance
D:9:      layout_basic, uniq_maurice, uniq_gastronok
D:10:     layout_cave_pools, minmay_lair_entry_grove, enter_bailey_2,
          uniq_josephine
D:11:     layout_small_grid, hiddenorc1_lemuel, serial_shops, shop
D:12:     layout_basic
D:13:     layout_roguey, portal_ice_cave_entry_ice_beasts
D:14:     layout_roguey, david_vaults_5, roderic_lattice_a
D:15:     grunt_enter_depths_giant_problem, layout_irregular_city,
          serial_rivers, chequers_serial_rivers_micro_c,
          chequers_serial_rivers_small_3, chequers_serial_rivers_large_a,
          chequers_serial_rivers_micro_e, gammafunk_ghost_necromancy,
          minmay_misc_feat_pillars, uniq_jorgrun
Lair:1:   layout_misc_corridors, st_stairs_7, grunt_megastairs_3,
          serial_bayou_shore_a, minmay_lair_oklob_chamber,
          infiniplex_staircase_pool_2
Lair:2:   layout_cave_shapes, minmay_shoals_entry_centaurs,
          minmay_snake_entry_six_corridors, grunt_megastairs_5, uniq_nergalle
Lair:3:   layout_cave_shapes
Lair:4:   layout_big_grid, grunt_megastairs_4
Lair:5:   layout_misc_corridors, grunt_forest_small_clearings,
          serial_bayou_shore_b
Lair:6:   evilmike_catoblepas_cave, layout_regular_city, slime_altar_2,
          basic_altar
Shoals:1: layout_shoals, lightli_airlock
Shoals:2: layout_shoals, gammafunk_ghost_grave
Shoals:3: layout_shoals, nicolae_island_escapes
Shoals:4: shoals_end_grunt_ice, layout_shoals
Snake:1:  layout_gridlike, grunt_megastairs_2, uniq_roxanne
Snake:2:  layout_onion_interference, serial_shops, shop_statue,
          nicolae_shop_waterfront, shop, nicolae_shop_trees, minmay_shop_grove,
          uniq_frances
Snake:3:  layout_layer_cave, st_stairs_13, hangedman_snake_thin_pillar_pass,
          drop_trap, uniq_aizul
Snake:4:  grunt_snake_rune_spirals, layout_onion_interference
Orc:1:    layout_caves, minmay_shop_mass
Orc:2:    st_orc_open, layout_diamond_mine, serial_shops, bzr_entry_lakeside,
          shop, nicolae_shop_overgrown_old_shop, elves_outpost_lemuel
Vaults:1: v_misc_8, v_misc_16, nicolae_vaults_angled_halls, grunt_vaults_funnel,
          grunt_vaults_focal, nicolae_vaults_know_your_exits, v_misc_19,
          ontoclasm_vaults_ring_square, v_alt_pattern_1,
          nicolae_vaults_little_squares_5, vaults_room_door_ring,
          layout_vaults_ring, serial_shops, shop, uniq_asterion
Vaults:2: nicolae_vaults_network_periphery, st_octagons_2,
          hangedman_vaults_impose, v_pattern_4, v_rooms_2,
          nicolae_vaults_alarming, ontoclasm_vaults_idyll, vaults_mumra_hex,
          nicolae_vaults_asterisk, layout_vaults_quadrants
Vaults:3: ontoclasm_vaults_gateway, ontoclasm_vaults_spin, v_misc_13,
          nicolae_vaults_little_squares_1, hangedman_vaults_unwind,
          minmay_crypt_entry_simple_walls, vaults_dpeg_hooks,
          vaults_room_hallway, nicolae_vaults_network_square, vaults_dpeg_ring,
          serial_ice_h, vaults_dpeg_diagonal, v_misc_13, vaults_room_fours,
          layout_vaults_omnicross, uniq_jory
Vaults:4: ontoclasm_vaults_ligature, vaults_standard_mumra_lines,
          hangedman_vaults_snaps, ontoclasm_vaults_fault,
          hangedman_vaults_cutoff, nicolae_vaults_minivaults,
          vaults_room_stairs_pillars, vaults_room_stairs_pillars,
          ontoclasm_vaults_decontamination, layout_vaults_omnibox
Vaults:5: serial_shops, uniq_sojobo

Skill      XL: |  1  2  3  4  5  6  7  8  9 10 11 12 13 14 15 16 17 18 19 20 21 22 |
---------------+-------------------------------------------------------------------+-----
Short Blades   | 1 2 3 4 6 7 8 9 10 11 12 13 14 | 14.6
Long Blades    | 1 2 3 4 6 7 8 9 10 11 12 13 14 | 14.6
Maces & Flails | 1 2 3 4 6 7 8 9 10 11 12 13 14 | 14.6
Polearms       | 1 2 3 4 6 7 8 9 10 11 12 13 14 | 14.6
Staves         | 1 2 3 4 6 7 8 9 10 11 12 13 14 | 14.6
Slings         | 1 2 3 4 6 7 8 9 10 11 12 13 14 | 14.6
Bows           | 1 2 3 4 6 7 8 9 10 11 12 13 14 | 14.6
Crossbows      | 1 2 3 4 6 7 8 9 10 11 12 13 14 | 14.6
Throwing       | 1 2 3 4 6 7 8 9 10 11 12 13 14 15 | 15.4
Dodging        | 3 4 5 6 7 8 9 10 11 12 13 14 | 14.8
Stealth        | 1 2 3 4 6 7 8 9 10 11 12 13 14 | 14.6
Shields        | 1 2 3 4 6 7 8 9 10 11 12 13 14 | 14.6
Unarmed Combat | 1 2 3 4 6 7 8 9 10 11 12 13 14 | 14.6
Spellcasting   | 1 2 3 4 6 7 8 9 10 11 12 13 14 | 14.6
Conjurations   | 1 2 3 4 5 6 7 8 9 10 11 12 | 12.6
Hexes          | 1 2 3 4 5 6 7 8 9 10 11 12 | 12.6
Summonings     | 1 2 3 4 5 6 7 8 9 10 11 12 | 12.6
Necromancy     | 1 2 3 4 5 6 7 8 9 10 11 12 | 12.6
Translocations | 1 2 3 4 5 6 7 8 9 10 11 12 | 12.6
Transmutations | 1 2 3 5 6 8 9 10 11 12 13 14 15 16 | 16.5
Fire Magic     | 1 2 3 4 5 6 7 8 9 10 11 12 | 12.6
Ice Magic      | 1 2 3 4 5 6 7 8 9 10 11 12 | 12.6
Air Magic      | 1 2 3 4 5 6 7 8 9 10 11 12 | 12.6
Earth Magic    | 1 2 3 4 5 6 7 8 9 10 11 12 | 12.6
Poison Magic   | 1 2 3 4 5 6 7 8 9 10 11 12 | 12.6
Evocations     | 1 2 3 4 6 7 8 9 10 11 12 13 14 | 14.6
Invocations    | 5 6 7 8 9 10 11 12 13 14 15 16 | 16.2
Axes           | 5 6 7 8 9 10 11 12 13 14 15 | 15.2
Armour         | 5 6 7 8 9 10 11 12 13 14 15 | 15.2
Fighting       | 7 8 9 10 11 12 13 14 15 | 15.7

Action                   |  1- 3 |  4- 6 |  7- 9 | 10-12 | 13-15 | 16-18 | 19-21 | 22-24 || total
-------------------------+-------+-------+-------+-------+-------+-------+-------+-------++-------
Melee: Hand axe          |   114 |   159 |   288 |       |       |       |       |       ||   561
       Bite              |     6 |    15 |    81 |    92 |   285 |   212 |   235 |   203 ||  1129
       Punch             |       |     3 |    13 |    16 |       |       |       |       ||    32
       Whip              |       |       |   181 |       |       |       |       |       ||   181
       War axe           |       |       |   118 |   680 |  1543 |  1457 |  1120 |  1184 ||  6102
       Long sword        |       |       |       |       |   110 |    14 |   161 |       ||   285
Throw: Javelin           |       |       |       |       |     5 |     1 |     5 |       ||    11
Invok: Depart the Abyss  |     1 |       |       |       |       |     1 |     2 |     1 ||     5
       Banish            |       |       |     1 |     2 |     2 |       |    16 |     3 ||    24
       Bend Space        |       |       |       |       |     1 |     1 |     4 |     2 ||     8
       Enter the Abyss   |       |       |       |       |       |     1 |     2 |     1 ||     4
       Corrupt           |       |       |       |       |       |       |     1 |       ||     1
Evoke: Wand              |       |       |     2 |    10 |       |     1 |       |       ||    13
  Use: Scroll            |     2 |       |     8 |    12 |    16 |     9 |    16 |    17 ||    80
       Potion            |     1 |       |     6 |       |     3 |    10 |     8 |     3 ||    31
 Stab: Sleeping          |       |       |     1 |     4 |    12 |     4 |     9 |     6 ||    36
       Paralysed         |       |       |       |    10 |       |       |       |       ||    10
       Petrified         |       |       |       |       |     5 |       |       |       ||     5
       Petrifying        |       |       |       |       |     1 |       |       |       ||     1
       Distracted        |       |       |       |       |       |       |     2 |       ||     2
Armor: Plate armour      |   149 |    49 |       |       |       |       |       |       ||   198
       Leather armour    |     5 |       |       |       |       |       |       |       ||     5
       Scale mail        |       |    31 |   300 |   466 |   505 |   151 |       |       ||  1453
       Skin              |       |       |    22 |       |       |       |       |       ||    22
       Chain mail        |       |       |       |       |       |   304 |   339 |   285 ||   928
Dodge: Dodged            |    47 |    57 |   369 |   601 |   616 |   695 |   522 |   485 ||  3392
Block: Kite shield       |       |       |       |   145 |  1461 |  1891 |  1328 |  1422 ||  6247
       Reflection        |       |       |       |       |    30 |   221 |    81 |    86 ||   418
       Rpst.: Long sword |       |       |       |       |     3 |       |     4 |       ||     7

Table legend: (Time is in decaauts)
 A = Elapsed time spent in this place.
 B = Non-inter-level travel time spent in this place.
 C = Inter-level travel time spent in this place.
 D = Time resting spent in this place.
 E = Time spent auto-exploring this place.
 F = Levels seen in this place.
 G = Mean time per level.
                   A        B        C        D        E       F      G
               +--------+--------+--------+--------+--------+-----+--------+
         Total |  67431 |  64616 |   2815 |  28218 |  22480 |  44 | 1532.5 |
       Dungeon |  19971 |  18569 |   1402 |   5031 |   9265 |  15 | 1331.4 |
          Lair |   8558 |   7957 |    601 |   2943 |   3152 |   6 | 1426.3 |
        Shoals |   8244 |   8053 |    191 |   4074 |   2112 |   4 | 2061.0 |
     Snake Pit |  12376 |  12165 |    211 |   6972 |   2950 |   4 | 3094.0 |
  Orcish Mines |   2214 |   2141 |     73 |    659 |    879 |   2 | 1107.0 |
        Vaults |  13721 |  13387 |    334 |   7472 |   3528 |   5 | 2744.2 |
         Abyss |   1031 |   1031 |      0 |    619 |    123 |   7 |  147.3 |
      Ice Cave |   1313 |   1313 |      0 |    448 |    468 |   1 | 1313.0 |
               +--------+--------+--------+--------+--------+-----+--------+

Top non-repeatable levels by time:
 Snake:4: 5562 daAuts
Vaults:3: 3912 daAuts
Shoals:4: 2934 daAuts
Vaults:2: 2926 daAuts
    D:15: 2922 daAuts
 Snake:3: 2726 daAuts
 Snake:1: 2634 daAuts
Vaults:1: 2630 daAuts
Vaults:5: 2153 daAuts
Vaults:4: 2098 daAuts
Shoals:3: 2078 daAuts
     D:5: 1956 daAuts
  Lair:6: 1950 daAuts
    D:10: 1792 daAuts
Shoals:2: 1648 daAuts
